 Dungeon Crawl Stone Soup version 0.27-a0-1334-g2746e35aca (webtiles) character file.

Game seed: 14590967446043895253

493 Sweetruy1997 the Cutter (level 6, 0/52 HPs)
             Began as a Minotaur Berserker on June 26, 2021.
             Was a Priest of Trog.
             Slain by Grinder (4 damage)
             ... on level 4 of the Dungeon.
             The game lasted 00:10:52 (3582 turns).

Sweetruy1997 the Cutter (Minotaur Berserker)        Turns: 3582, Time: 00:10:53

Health: 0/52       AC:  6    Str: 22    XL:     6   Next: 92%
Magic:  5/5        EV: 10    Int:  4    God:    Trog [***...]
Gold:   142        SH:  0    Dex: 11    Spells: 5/5 levels left

rFire    . . .     SeeInvis .   b - +3 dagger (vamp)
rCold    . . .     Faith    .   (no shield)
rNeg     . . .     Spirit   .   d - +0 scale mail
rPois    .         Reflect  .   a - +0 hat
rElec    .         Harm     .   (no cloak)
rCorr    .         Rampage  .   (no gloves)
Will     .....                  (no boots)
Stlth    ..........             (no amulet)
HPRegen  0.17/turn              (no ring)
MPRegen  0.09/turn              (no ring)

@: no status effects
A: horns 2, retaliatory headbutt
a: Renounce Religion, Berserk, Trog's Hand


You were on level 4 of the Dungeon.
You worshipped Trog.
Trog was most pleased with you.
You visited 1 branch of the dungeon, and saw 4 of its levels.

You collected 142 gold pieces.

Inventory:

Hand Weapons
 b - a +3 vampiric dagger (weapon)
Armour
 a - a +0 hat (worn)
 d - a +0 scale mail (worn)
Wands
 j - a wand of flame (5)
 k - a wand of paralysis (9)
Scrolls
 c - 4 scrolls of teleportation
 f - a scroll of silence
 i - a scroll of blinking {unknown}
 l - 2 scrolls of enchant armour {unknown}
 n - a scroll of brand weapon {unknown}
Potions
 e - a potion of curing
 g - a potion of mutation {unknown}
 h - a potion of attraction {unknown}
 m - a potion of haste {unknown}


   Skills:
 - Level 4.0 Fighting
 + Level 6.5 Short Blades
 - Level 4.5 Axes
 - Level 3.0 Armour
 - Level 3.0 Dodging
 - Level 1.0 Stealth


You had 5 spell levels left.
You didn't know any spells.
Your spell library was empty.

Dungeon Overview and Level Annotations

Branches:
Dungeon (4/15)
 Temple: D:4-7

Altars:
Nemelex Xobeh
Vehumet
Yredelemnul

Shops:
D:1 [   D:3 (

Annotations:
D:4 Grinder


Innate Abilities, Weirdness & Mutations

You have a pair of horns on your head.
You reflexively headbutt those who attack you in melee.


Message History

A gnoll comes into view. It is wielding a +0 flail.
A gnoll comes into view. It is wielding a +0 spear.
Found a stone staircase leading down.
The gnoll shouts!
You hit Grinder but do no damage. You hit Grinder.
Grinder is lightly wounded.
Grinder hits you.
You writhe in agony.
A gnoll comes into view. It is wielding a +0 club.
The gnoll shouts!
You hit Grinder.
Grinder is lightly wounded.
Grinder zaps a wand.
The puff of flame hits you!
You hit Grinder.
Grinder is moderately wounded.
Grinder zaps a wand.
The puff of flame hits you.
You hit Grinder. You headbutt Grinder, but do no damage.
Grinder is moderately wounded.
You closely miss Grinder. You headbutt Grinder.
Grinder is moderately wounded.
Grinder hits you but does no damage.
The gnoll hits you from afar with a +0 halberd.
You closely miss Grinder. You headbutt Grinder.
Grinder is heavily wounded.
You hit Grinder.
Grinder is heavily wounded.
Grinder barely misses you. The gnoll closely misses you.
You hit Grinder. Your headbutt misses Grinder.
Grinder is severely wounded.
Grinder zaps a wand.
The puff of flame hits you.
You hit Grinder but do no damage.
Grinder is severely wounded.
The gnoll hits you from afar with a +0 halberd!
* * * LOW HITPOINT WARNING * * *
You hit Grinder. You headbutt Grinder.
Grinder is almost dead.
Grinder hits you.
* * * LOW HITPOINT WARNING * * *
You writhe in agony.
You die...

##...## ## ##'## #.
#.# #. #.# #. ##.## #.
##...###### #. #
#.....#...####.
#.#g#####...##.#......
#.gg5@...........#####
.....g##############
>.... ####


You could see Grinder, 3 gnolls and a hobgoblin.

Vanquished Creatures
  A phantom (D:4)
  A scorpion (D:4)
  A bullfrog skeleton (D:4)
  Jessica (D:3)
  Ijyb (D:3)
  Natasha (thrice) (D:3)
  A hound skeleton (D:4)
  Robin (D:3)
  4 gnolls (D:4)
  2 adders
  An adder skeleton (D:4)
  A worm (D:3)
  2 dart slugs
  4 orcs (D:3)
  6 bats
  11 endoplasms
  3 giant cockroaches
  17 goblins
  9 hobgoblins
  12 jackals
  9 kobolds
  9 quokkas
  7 ball pythons
  A frilled lizard (D:1)
  5 rats
  4 bushes (D:2)
117 creatures vanquished.

Notes
Turn   | Place    | Note
-------+----------+-------------------------------------------
     0 | D:1      | Sweetruy1997 the Minotaur Berserker began the quest for the
                  | Orb.
     0 | D:1      | Reached XP level 1. HP: 19/19 MP: 0/0
   213 | D:1      | Reached XP level 2. HP: 26/27 MP: 1/1
   598 | D:1      | Reached XP level 3. HP: 33/33 MP: 2/2
   613 | D:1      | Reached ** piety under Trog
   766 | D:1      | Found Nonaf's Armour Boutique.
  1175 | D:2      | Reached skill level 1 in Stealth
  1218 | D:2      | Reached skill level 1 in Short Blades
  1301 | D:2      | Reached XP level 4. HP: 40/40 MP: 3/3
  2161 | D:3      | Noticed Natasha
  2166 | D:3      | Killed Natasha
  2167 | D:3      | Reached skill level 2 in Short Blades
  2216 | D:3      | Found a faded altar of an unknown god.
  2229 | D:3      | Noticed Jessica
  2234 | D:3      | Killed Jessica
  2277 | D:3      | Noticed Ijyb
  2285 | D:3      | Killed Ijyb
  2286 | D:3      | Reached skill level 3 in Short Blades
  2286 | D:3      | Reached XP level 5. HP: 46/46 MP: 4/4
  2331 | D:3      | Reached *** piety under Trog
  2408 | D:3      | Found Pigriotu's Weapon Shop.
  2554 | D:3      | Noticed Natasha
  2559 | D:3      | Killed Natasha
  2560 | D:3      | Reached skill level 4 in Short Blades
  2584 | D:3      | Noticed Robin
  2616 | D:3      | Killed Robin
  2763 | D:3      | Found a basalt altar of Yredelemnul.
  2765 | D:3      | Found a sparkling altar of Nemelex Xobeh.
  2870 | D:3      | Noticed Natasha
  2879 | D:3      | Killed Natasha
  3012 | D:4      | Found a radiant altar of Vehumet.
  3021 | D:4      | Reached XP level 6. HP: 51/52 MP: 5/5
  3075 | D:4      | Reached skill level 5 in Short Blades
  3317 | D:4      | Reached skill level 6 in Short Blades
  3570 | D:4      | Noticed Grinder
  3582 | D:4      | Slain by Grinder

Illustrated notes

Levels and vault maps discovered:
D:1:      dpeg_arrival_pond, layout_basic, serial_shops, shop, hex_large
D:2:      layout_basic, minmay_hedge_maze, minmay_misc_feat_four_crosses,
          minmay_octomino_e4
D:3:      layout_basic, overflow_temple_1_default,
          nicolae_overflow_hidden_temple, hellmonk_ecumenical_altar_blasted,
          serial_shops, shop, minmay_crystal_water,
          chequers_serial_rivers_micro_b, uniq_natasha, uniq_ijyb, uniq_robin,
          uniq_jessica
D:4:      layout_loops_corners, vehumet_crystals,
          grunt_temple_overflow_order_and_chaos_2, minivault_27, uniq_eustachio,
          uniq_pikel, uniq_grinder

Skill      XL: |  1  2  3  4  5  6 |
---------------+-------------------+-----
Axes           | 4 |  4.5
Fighting       | 4 |  4.0
Stealth        | 1 |  1.0
Short Blades   | 1 3 4 6 |  6.5
Armour         | 3 |  3.0
Dodging        | 3 |  3.0

Action                   |  1- 3 |  4- 6 || total
-------------------------+-------+-------++-------
Melee: Hand axe          |    42 |       ||    42
       Headbutt          |     9 |   145 ||   154
       Dagger            |    77 |   433 ||   510
  Use: Scroll            |     3 |       ||     3
       Potion            |       |     1 ||     1
 Stab: Sleeping          |     1 |       ||     1
       Distracted        |     1 |       ||     1
Armor: Scale mail        |    34 |    60 ||    94
       Animal skin       |     2 |       ||     2
Dodge: Dodged            |    67 |    85 ||   152

Table legend: (Time is in decaauts)
 A = Elapsed time spent in this place.
 B = Non-inter-level travel time spent in this place.
 C = Inter-level travel time spent in this place.
 D = Time resting spent in this place.
 E = Time spent auto-exploring this place.
 F = Levels seen in this place.
 G = Mean time per level.
                   A        B        C        D        E       F      G
               +--------+--------+--------+--------+--------+-----+--------+
         Total |   3537 |   3458 |     79 |    751 |   1831 |   4 |  884.2 |
       Dungeon |   3537 |   3458 |     79 |    751 |   1831 |   4 |  884.2 |
               +--------+--------+--------+--------+--------+-----+--------+

Top non-repeatable levels by time:
     D:2: 1132 daAuts
     D:1: 1012 daAuts
     D:3: 833 daAuts
     D:4: 559 daAuts
